 Dungeon Crawl Stone Soup version 0.24.0-1-gfbc8707 (webtiles) character file.

Game seed: 9657471002298210088, levelgen mode: deterministic

504 Buxparty the Poker (level 7, 0/56 HPs)
             Began as a Merfolk Gladiator on Jan 2, 2020.
             Succumbed to an adder's poison
             ... on level 4 of the Dungeon.
             The game lasted 00:12:38 (3822 turns).

Buxparty the Poker (Merfolk Gladiator)              Turns: 3822, Time: 00:12:39

Health: 0/56       AC:  6    Str: 17    XL:     7   Next: 17%
Magic:  7/7        EV: 16    Int:  7    God:
Gold:   199        SH:  0    Dex: 15    Spells: 6/6 levels left

rFire    . . .     SeeInvis .   a - +0 trident
rCold    . . .     Gourm    .   (no shield)
rNeg     . . .     Faith    .   b - +0 leather armour
rPois    .         Spirit   .   c - +0 helmet
rElec    .         Reflect  .   (no cloak)
rCorr    .         Harm     .   (no gloves)
MR       +....                  t - +1 pair of boots
Stlth    +.........             (no amulet)
HPRegen  0.18/turn              k - ring of protection from magic
MPRegen  0.10/turn              (no ring)

@: lethally poisoned (0 -> -6)
A: change form in water, swift swim, stealthy swim
a: no special abilities


You were on level 4 of the Dungeon.
You were not hungry.

You visited 1 branch of the dungeon, and saw 4 of its levels.

You collected 199 gold pieces.

Inventory:

Hand Weapons
 a - a +0 trident (weapon)
 g - a +0 mace of crushing
 y - a +4 long sword
Missiles
 d - a throwing net (quivered)
 z - 18 poisoned darts
Armour
 b - a +0 leather armour (worn)
 c - a +0 helmet (worn)
 r - a +0 buckler
 t - a +1 pair of boots (worn)
Jewellery
 k - a ring of protection from magic (left hand)
 m - an uncursed amulet of magic regeneration {unknown}
Wands
 n - a wand of flame (35)
Scrolls
 e - 3 scrolls of identify {unknown}
 h - 3 scrolls of amnesia {unknown}
 p - a scroll of teleportation {unknown}
 q - a scroll of enchant armour {unknown}
 v - a scroll of magic mapping {unknown}
 x - a scroll of remove curse {unknown}
Potions
 i - a potion of might {unknown}
 j - 7 potions of curing {unknown}
 l - a potion of agility {unknown}
 o - a potion of resistance {unknown}
 s - a potion of invisibility {unknown}
 u - 2 potions of flight {unknown}
 w - a potion of degeneration {unknown}
Comestibles
 f - 6 rations


   Skills:
 + Level 5.1 Fighting
 + Level 7.4 Polearms
 - Level 2.0 Throwing
 + Level 6.8 Dodging


You had 6 spell levels left.
You didn't know any spells.
Your spell library was empty.

Dungeon Overview and Level Annotations

Branches:
Dungeon (4/15)
 Temple: D:4-7

Altars:
Fedhas

Annotations:
D:4 Sigmund


Message History

The arrow completely misses you. The adder bites you.
* * * LOW HITPOINT WARNING * * *
You are poisoned.
The adder poisons you!
You see here an arrow.
You feel sick.
The centaur shoots an arrow.
The arrow hits you!
* * * LOW HITPOINT WARNING * * *
The adder completely misses you.
You see here an arrow.
* * * LOW HITPOINT WARNING * * *
You feel sick. The adder barely misses you. x2
* * * LOW HITPOINT WARNING * * *
You feel sick. The adder bites you.
* * * LOW HITPOINT WARNING * * *
You are more poisoned.
The adder poisons you!
* * * LOW HITPOINT WARNING * * *
You feel sick.
You die...

.........##
.........# #..
.......(..#
.........# #.#
#......)..#
.........# #.#
P.........#
.........#####.##
PP((((....#
.................
_PP.#.....#
########.........
PPP....(..#
#.........
PP........#########
#.........
.........(oc.SS.@.#
#.........
#################.###
#........{
#..........#
#.........
#..........#
#.........
#..........#
#.........
#..........#
#.........
#..........#
#.........
#..........#
#.........
#..........#
##########


You could see a centaur, 2 adders and an orc.

Vanquished Creatures
  A phantom (D:4)
  2 ogres
  A hound (D:4)
  An orc priest (D:4)
  2 orc wizards
  A worker ant (D:4)
  3 adders
  4 worms
  A dart slug (D:1)
  2 leopard geckos
  9 orcs
  2 ball pythons
  4 giant cockroaches
  6 goblins
  2 hobgoblins (D:1)
  6 kobolds
  5 quokkas
  A ball python skeleton (D:4)
  2 bats (D:3)
  5 frilled lizards
  24 rats
84 creatures vanquished.

Notes
Turn   | Place    | Note
-------+----------+-------------------------------------------
     0 | D:1      | Buxparty the Merfolk Gladiator began the quest for the Orb.
     0 | D:1      | Reached XP level 1. HP: 16/16 MP: 1/1
   266 | D:1      | Reached XP level 2. HP: 23/23 MP: 2/2
   768 | D:2      | Reached skill level 5 in Polearms
   768 | D:2      | Reached XP level 3. HP: 14/28 MP: 3/3
  1489 | D:3      | Reached XP level 4. HP: 35/35 MP: 4/4
  1613 | D:3      | Reached skill level 5 in Dodging
  1957 | D:3      | Found a faded altar of an unknown god.
  2061 | D:3      | Noticed an ogre
  2204 | D:3      | Killed an ogre
  2204 | D:3      | Reached skill level 6 in Polearms
  2204 | D:3      | Reached XP level 5. HP: 12/42 MP: 5/5
  2629 | D:4      | Reached XP level 6. HP: 39/48 MP: 6/6
  2885 | D:4      | Noticed Sigmund
  3238 | D:4      | Reached skill level 7 in Polearms
  3297 | D:4      | Noticed a phantom
  3332 | D:4      | Killed a phantom
  3332 | D:4      | Reached skill level 5 in Fighting
  3332 | D:4      | Reached XP level 7. HP: 34/56 MP: 7/7
  3583 | D:4      | Found a blossoming altar of Fedhas.
  3819 | D:4      | HP: 2/56 [poisoned by an adder]
  3822 | D:4      | Succumbed to an adder's poison

Levels and vault maps discovered:
D:1:      minmay_arrival_widening_spiral_wide, layout_loops_ring,
          chequers_serial_rivers_room_a, corner_web_ring
D:2:      layout_rooms, chequers_avenue, minmay_rat_hole
D:3:      layout_loops_ring, chequers_ecumenical_altar_grove
D:4:      layout_basic, first_ration, fedhas_bush_and_centaur_altar,
          uniq_sigmund

Skill      XL: |  1  2  3  4  5  6 |
---------------+-------------------+-----
Polearms       | 5 6 7 |  7.4
Fighting       | 3 4 5 |  5.1
Dodging        | 5 6 |  6.8
Throwing       | |  2.0

Action                   |  1- 3 |  4- 6 |  7- 9 || total
-------------------------+-------+-------+-------++-------
Melee: Trident           |   150 |   196 |    13 ||   359
Throw: Throwing net      |       |     2 |       ||     2
 Stab: Sleeping          |     4 |     2 |       ||     6
       Distracted        |       |     1 |       ||     1
  Eat: Ration            |     1 |     2 |       ||     3
Armor: Leather armour    |    21 |    38 |     5 ||    64
Dodge: Dodged            |    80 |    95 |    20 ||   195
